Map: 黄金之柱-天梯版

Players

TIME (Oliveira) - Winner!

  • Race: Terran Terran

Silky

  • Race: Zerg Zerg
  • League: Master

Event: DreamHack SC2 Masters 2020 Summer China

VOD

Have the link to the VOD?

Description

Time

  • Played on: July 3, 2020, 8:03 a.m.
  • Length: 15:02

All games in this series

Show
View Real Time Build Order
Export as new Build Order

TIME Terran - Winner!

Build Orders: Hellion Opening, Liberator Opening, Reaper Expand 

Get SALT Encoding   

  12  0:01  SCV  
  13  0:13  SCV  
  14  0:18  Supply Depot  
  14  0:25  SCV  
  15  0:40  SCV  
  15  0:41  Barracks  
  16  0:45  Refinery  
  16  0:52  SCV  
  18  1:04  SCV  
  18  1:16  SCV  
  19  1:29  Orbital Command  
  19  1:30  Reaper  
  20  1:43  Command Center  
  20  1:53  Supply Depot  
  20  1:55  SCV  
  21  2:01  Marine  
  21  2:07  SCV  
  23  2:11  Factory  
  23  2:19  SCV  
  23  2:21  Refinery  
  24  2:24  Barracks Reactor  
  24  2:31  SCV  
  25  2:43  SCV  
  26  2:55  SCV  
  26  2:57  Orbital Command, Starport  
  26  3:07  SCV  
  26  3:09  Hellion x2  
  31  3:13  Marine  
  31  3:19  SCV  
  33  3:24  SCV  
  34  3:27  Supply Depot  
  34  3:30  Hellion x2  
  34  3:32  SCV  
  34  3:33  Viking  
  41  3:36  Marine  
  41  3:38  SCV  
  43  3:44  SCV  
  44  3:51  Supply Depot  
  44  3:52  Hellion  
  44  3:53  Hellion  
  48  3:56  SCV x2  
  48  4:01  Barracks Tech Lab  
  50  4:05  Liberator  
  50  4:08  SCV  
  54  4:13  SCV  
  54  4:14  Supply Depot  
  55  4:20  Factory Tech Lab  
  55  4:23  Command Center  
  55  4:25  SCV  
  56  4:31  Marine  
  56  4:32  Stimpack  
  56  4:36  SCV  
  56  4:38  Barracks  
  58  4:44  SCV  
  59  4:47  Barracks  
  59  4:49  Siege Tank  
  59  4:51  Starport Reactor  
  62  4:53  SCV  
  62  4:56  Supply Depot  
  62  4:57  Marine  
  64  5:01  SCV  
  64  5:06  SCV  
  66  5:09  Engineering Bay  
  66  5:10  Engineering Bay  
  66  5:13  Refinery x2  
  66  5:17  Marine  
  66  5:21  SCV, Siege Tank  
  71  5:22  SCV  
  71  5:25  Marine  
  71  5:26  Marine  
  74  5:33  SCV  
  74  5:34  SCV  
  65  5:42  Orbital Command  
  61  5:43  Starport Reactor  
  61  5:45  Marine  
  61  5:46  Marine x4  
  61  5:48  SCV  
  67  5:52  Terran Infantry Weapons Level 1  
  67  5:53  Terran Infantry Armor Level 1  
  67  5:55  Siege Tank  
  70  5:57  SCV  
  70  6:03  Missile Turret x2, Marine x2  
  73  6:04  Marine  
  73  6:06  Marine x2  
  76  6:16  Missile Turret  
  76  6:19  Medivac x2  
  76  6:21  SCV x2, Marine x2  
  76  6:23  SCV  
  76  6:25  Combat Shield, Orbital Command  
  84  6:26  Marine  
  84  6:28  Marine  
  84  6:29  Marine  
  87  6:34  Supply Depot  
  87  6:39  Marine  
  88  6:40  Siege Tank  
  88  6:41  SCV  
  88  6:45  Marine  
  93  6:49  Supply Depot  
  93  6:55  Marine x2  
  93  6:56  Supply Depot, Barracks x2  
  93  6:57  SCV  
  93  6:58  SCV  
  97  7:04  Armory  
  97  7:06  Medivac  
  97  7:07  Medivac  
  101  7:11  Marine  
  101  7:13  Marine  
  101  7:14  Marine x2  
  101  7:15  Marine  
  106  7:19  Orbital Command, Siege Tank  
  106  7:22  SCV x2  
  110  7:29  Marine  
  111  7:35  Marine  
  86  7:46  Marine x2  
  86  7:47  Marine  
  86  7:49  Marine  
  86  7:50  Marine x2  
  77  7:51  Siege Tank  
  77  7:53  SCV, Marine  
  79  7:58  SCV  
  79  8:04  Marine x3  
  82  8:07  Marine  
  82  8:08  Marine x2  
  82  8:09  SCV  
  82  8:11  Marine, Terran Infantry Weapons Level 2  
  81  8:17  SCV  
  82  8:22  Marine x3  
  82  8:26  Marine  
  88  8:29  Marine  
  88  8:30  SCV  
  88  8:31  SCV  
  91  8:39  Orbital Command  
  91  8:40  Barracks Reactor x2, Marine x3  
  92  8:42  SCV  
  92  8:44  Marine  
  92  8:46  Terran Infantry Armor Level 2  
  92  8:47  Marine  
  95  8:50  Siege Tank  
  95  8:52  Missile Turret  
  98  8:55  Supply Depot  
  98  8:58  Marine x3  
  98  9:01  Marine  
  101  9:08  Supply Depot  
  101  9:10  SCV x3, Marine  
  101  9:16  Supply Depot, Marine x2  
  107  9:17  Supply Depot, Marine x2  
  107  9:21  Marine  
  107  9:22  SCV, Marine  
  112  9:28  Marine x2  
  113  9:32  Supply Depot, Thor  
  113  9:34  SCV x2  
  113  9:37  Marine  
  113  9:38  Supply Depot, Marine  
  122  9:41  Marine  
  122  9:45  Marine x2  
  125  9:52  Marine x4  
  130  9:55  Sensor Tower  
  130  10:01  Command Center, Factory  
  130  10:02  Refinery  
  130  10:03  Marine  
  130  10:04  Refinery, Marine  
  130  10:05  Marine  
  133  10:07  Marine  
  133  10:08  Marine  
  133  10:09  Medivac  
  133  10:10  Medivac  
  139  10:15  Marine  
  139  10:16  Marine x2  
  139  10:17  Supply Depot  
  139  10:19  Supply Depot  
  142  10:21  Thor  
  142  10:23  Terran Vehicle And Ship Armor Level 1  
  142  10:24  Marine  
  142  10:26  Drilling Claws  
  149  10:30  SCV x2  
  149  10:31  Supply Depot, Marine  
  149  10:32  Marine  
  149  10:34  SCV  
  154  10:37  Marine  
  154  10:39  Marine x2  
  157  10:43  Marine  
  157  10:45  Factory Reactor  
  157  10:46  Marine  
  157  10:47  Marine x2  
  161  10:51  Marine  
  161  10:53  Marine  
  161  10:55  Medivac x2, Marine  
  167  10:58  Terran Infantry Weapons Level 3  
  167  11:07  Marine x2  
  167  11:08  Marine  
  151  11:12  Thor  
  151  11:16  Terran Infantry Armor Level 3, Marine  
  158  11:19  Marine x2  
  158  11:21  Marine  
  158  11:25  Marine  
  162  11:27  Marine x2  
  162  11:28  Missile Turret, Widow Mine  
  162  11:30  Widow Mine  
  168  11:35  Marine  
  168  11:39  Marine  
  160  11:40  Marine  
  160  11:45  Planetary Fortress  
  153  11:48  Marine  
  153  11:51  Marine x3  
  157  11:55  SCV, Widow Mine x2  
  157  11:58  Marine x2  
  157  12:01  Medivac x2  
  168  12:06  Marine  
  159  12:09  Marine  
  159  12:10  Marine  
  159  12:11  Marine  
  159  12:14  Marine x2  
  156  12:16  Marine  
  156  12:21  Marine x2  
  145  12:28  Marine x2  
  145  12:29  Marine x2  
  140  12:30  Thor  
  140  12:31  Marine  
  140  12:33  Marine  
  140  12:34  Marine  
  145  12:44  Marine x2  
  131  12:46  Marine  
  131  12:47  Widow Mine, Liberator  
  131  12:48  Marine  
  128  12:54  Marine x2  
  128  12:55  Marine x2  
  115  13:07  Marine  
  115  13:08  Widow Mine  
  113  13:22  Widow Mine  
  113  13:26  Missile Turret x2  
  101  13:29  Widow Mine  
  95  13:37  Missile Turret  
  95  13:39  SCV  
  89  13:51  SCV  
  90  14:08  Supply Depot  
  90  14:09  Supply Depot  
Show
View Real Time Build Order
Export as new Build Order

Silky Zerg 

Build Orders: Hatch First, Muta Ling Bane 

Get SALT Encoding   

  12  0:01  Drone  
  13  0:12  Overlord  
  13  0:17  Drone  
  14  0:31  Drone x2  
  16  0:50  Hatchery  
  16  0:53  Drone  
  16  0:56  Drone  
  17  1:00  Drone  
  18  1:06  Extractor  
  17  1:15  Spawning Pool  
  16  1:18  Drone  
  16  1:22  Drone  
  18  1:28  Drone  
  19  1:40  Drone  
  20  1:50  Drone  
  21  2:02  Queen x2  
  21  2:03  Zergling x4  
  21  2:07  Metabolic Boost  
  27  2:14  Overlord  
  27  2:16  Drone  
  28  2:29  Extractor  
  27  2:31  Drone  
  27  2:35  Drone x2  
  30  2:40  Queen  
  30  2:41  Queen  
  35  2:51  Overlord  
  35  2:57  Overlord  
  35  2:59  Drone  
  36  3:10  Drone  
  36  3:11  Drone x5  
  36  3:12  Drone  
  43  3:19  Lair  
  43  3:22  Extractor  
  43  3:24  Drone x2  
  43  3:26  Drone  
  45  3:31  Zergling x4  
  48  3:34  Drone  
  48  3:37  Drone  
  49  3:43  Drone  
  50  3:50  Zergling x4  
  51  3:56  Hatchery, Baneling Nest  
  51  3:58  Drone  
  51  4:00  Extractor  
  51  4:01  Drone  
  51  4:02  Drone  
  51  4:08  Overlord  
  51  4:11  Overlord  
  51  4:12  Extractor  
  51  4:16  Overlord  
  50  4:24  Spire  
  50  4:25  Drone x2  
  50  4:28  Drone  
  52  4:31  Drone  
  52  4:32  Drone  
  52  4:34  Overseer  
  52  4:37  Zergling x2  
  52  4:38  Zergling x2  
  56  4:40  Drone  
  57  4:46  Centrifical Hooks  
  57  4:47  Drone  
  57  4:49  Drone  
  57  4:52  Zergling x2  
  60  4:55  Overlord  
  60  5:00  Overlord  
  60  5:05  Zergling x6  
  63  5:14  Overseer  
  63  5:20  Zergling x6  
  66  5:22  Zergling x2  
  66  5:23  Zergling x6  
  65  5:39  Drone x4  
  65  5:42  Mutalisk x4  
  69  5:44  Mutalisk  
  79  5:50  Mutalisk  
  79  5:56  Overlord x2  
  81  6:00  Overlord  
  81  6:17  Zergling x16  
  89  6:22  Baneling x11  
  89  6:25  Baneling x3  
  89  6:26  Baneling  
  89  6:30  Baneling x5  
  89  6:32  Zergling x2  
  89  6:34  Zergling x2  
  89  6:39  Zergling x6  
  93  6:47  Baneling x7  
  93  6:48  Zergling x4  
  95  6:54  Zergling x2  
  95  6:55  Zergling x6  
  95  7:00  Zergling x6  
  102  7:03  Baneling x4  
  102  7:06  Overlord  
  102  7:12  Overlord  
  102  7:20  Overlord  
  102  7:26  Zergling x14  
  109  7:30  Zergling x4  
  86  7:50  Zergling x2  
  86  7:51  Zergling x16  
  82  7:55  Mutalisk x3  
  84  8:03  Zergling x2  
  84  8:04  Zergling x2  
  83  8:07  Zergling x6  
  83  8:11  Mutalisk  
  78  8:14  Mutalisk x2  
  82  8:21  Mutalisk x2  
  82  8:23  Zergling x2  
  87  8:28  Burrow  
  87  8:31  Drone  
  87  8:33  Drone  
  89  8:36  Drone x2  
  91  8:44  Drone x4  
  91  8:47  Zerg Flyer Weapons Level 1  
  95  8:59  Mutalisk x3  
  95  9:01  Zergling x4  
  103  9:04  Baneling x3  
  103  9:15  Overlord  
  103  9:19  Baneling  
  103  9:29  Overlord  
  103  9:32  Hatchery  
  103  9:33  Overlord  
  103  9:34  Baneling x9  
  103  9:36  Zergling x10  
  107  9:45  Mutalisk  
  107  10:00  Mutalisk x2  
  107  10:03  Zergling x26  
  124  10:10  Evolution Chamber  
  123  10:20  Mutalisk x2  
  127  10:22  Zergling x14  
  134  10:33  Mutalisk x2  
  138  10:36  Extractor x2  
  138  10:38  Drone x3  
  138  10:39  Drone x3  
  138  10:41  Baneling x4  
  142  10:45  Zergling x10  
  142  10:48  Drone x2  
  149  10:58  Drone x4  
  148  11:09  Mutalisk x3  
  153  11:12  Drone x6  
  159  11:23  Evolution Chamber  
  151  11:41  Overlord x2  
  151  11:43  Hatchery  
  151  11:44  Pneumatized Carapace, Overseer  
  151  11:46  Baneling x2  
  149  11:55  Overlord  
  149  11:56  Overlord x3  
  141  12:16  Zergling x16  
  142  12:26  Mutalisk  
  142  12:27  Mutalisk  
  145  12:34  Mutalisk  
  134  12:44  Zergling x2  
  134  12:45  Zergling x2  
  117  12:59  Baneling x2  
  103  13:12  Hatchery  
  93  13:43  Baneling x2  
  93  13:47  Baneling x2  
  90  14:17  Baneling x2  
Tags
 
Add a new tag
Caveats
  • Supply blocks, unpowered buildings, or Contaminate may cause inaccurate times.
  • Supply counts are checked every 10 seconds.